 Dungeon Crawl Stone Soup version 0.22-a0-482-g76e0a5f51a (webtiles) character file.

42 Delvair the Insei (level 3, -5/28 HPs)
             Began as a Demigod Transmuter on June 16, 2018.
             Slain by a gnoll
             ... wielding a +0 halberd
              (13 damage)
             ... on level 2 of the Dungeon.
             The game lasted 00:12:34 (1324 turns).

Delvair the Insei (Demigod Transmuter)              Turns: 1324, Time: 00:12:34

Health: -5/28      AC:  2    Str: 13    XL:     3   Next: 19%
Magic:  0/8        EV: 13    Int: 19    God:
Gold:   98         SH:  0    Dex: 16    Spells: 3/6 levels left

rFire    . . .     SeeInvis .   j - +0 spear (curse)
rCold    . . .     Gourm    .   (no shield)
rNeg     . . .     Faith    .   b - +0 robe
rPois    .         Spirit   .   (no helmet)
rElec    .         Reflect  .   (no cloak)
rCorr    .         Harm     .   (no gloves)
MR       .....                  (no boots)
Stlth    +.........             (no amulet)
HPRegen  0.09/turn              (no ring)
MPRegen  0.11/turn              (no ring)

@: no status effects
A: high mp 1
a: no special abilities


You were on level 2 of the Dungeon.
You were hungry.

You visited 1 branch of the dungeon, and saw 2 of its levels.

You collected 98 gold pieces.

Inventory:

Hand Weapons
 c - a +0 hand axe
 j - a cursed +0 spear (weapon)
 n - a +0 whip
Missiles
 a - 4 arrows
Armour
 b - a +0 robe (worn)
Scrolls
 e - a scroll of teleportation {unknown}
 f - a scroll of remove curse {unknown}
 m - a scroll of blinking
Potions
 h - a potion of mutation {unknown}
Comestibles
 d - 4 rations
 g - a chunk of flesh


   Skills:
 + Level 1.0 Fighting
 + Level 0.9 Polearms
 + Level 2.0 Dodging
 - Level 3.1 Unarmed Combat
 + Level 2.1 Spellcasting
 + Level 2.1 Transmutations


You had 3 spell levels left.
You knew the following spells:

 Your Spells              Type           Power        Failure   Level  Hunger
a - Beastly Appendage     Tmut           ##....       7%          1    #......
b - Sticks to Snakes      Tmut           ##......     11%         2    ##.....

Your spell library contained the following spells:

 Spells                   Type           Power        Failure   Level  Hunger
 Spider Form              Tmut/Pois      #.........   32%         3    ###....
 Blade Hands              Tmut           ##........   89%         5    ######.
 Ice Form                 Ice/Tmut       #.......     71%         4    #####..


Dungeon Overview and Level Annotations

Branches:
Dungeon (2/15)


Innate Abilities, Weirdness & Mutations

You have an increased reservoir of magic. (+10% MP)


Message History

You hit the gnoll.
You kill the gnoll!
You have reached level 3!
Your experience leads to a dramatic increase in your attributes!
Increase (S)trength, (I)ntelligence, or (D)exterity?
Uppercase letters only, please.
You feel clever. x2
You are feeling hungry.
You barely miss the gnoll.
The gnoll is severely wounded.
The gnoll hits you with a halberd!
* * * LOW HITPOINT WARNING * * *
The gnoll closely misses you.
Some of the chunks of flesh in your inventory have rotted away.
Casting: Sticks to Snakes (safe; 11% risk of failure)
Confirm with . or Enter, or press ? or * to list all spells.
You create a snake!
You now have 4 arrows.
Your magical contamination has completely faded away.
The gnoll hits you from afar with a halberd!
You die...

### #### #### ..# ##..## #8.##
#g## ####.##.######.#
#g###@S.####..####.#
#.#.#.###.#####.##.## gg###g##
##.##..#..## ##
####################.##########.
#.#....#.#....#....#.#....#...#.
#..#..#...#..#.............#..#.
#..................#.#........#.
#.............................#.
#################..........####.


You could see a gnoll and a friendly adder.

Vanquished Creatures
  A gnoll (D:2)
  An ooze (D:1)
  A worm (D:2)
  2 dart slugs (D:1)
  3 bats (D:1)
  A giant cockroach (D:1)
  2 goblins
  4 hobgoblins
  A frilled lizard (D:2)
  A kobold (D:1)
  2 plants (D:1)
19 creatures vanquished.

Vanquished Creatures (collateral kills)
  An adder (D:2)
1 creature vanquished.

Grand Total: 20 creatures vanquished

Notes
Turn   | Place    | Note
-------+----------+-------------------------------------------
     0 | D:1      | Delvair the Demigod Transmuter began the quest for the Orb.
     0 | D:1      | Reached XP level 1. HP: 15/15 MP: 5/5
   246 | D:1      | Reached skill level 3 in Unarmed Combat
   374 | D:1      | Reached XP level 2. HP: 18/22 MP: 7/7
   379 | D:1      | Learned a level 2 spell: Sticks to Snakes
  1179 | D:2      | Reached skill level 1 in Fighting
  1319 | D:2      | Reached XP level 3. HP: 15/28 MP: 1/8
  1324 | D:2      | Slain by a gnoll

Vault maps used:
D:1:      kennysheep_arrival_seaside
D:2:      wad_river_or_something

Skill      XL: |  1  2 |
---------------+-------+-----
Unarmed Combat | 3 |  3.1
Transmutations | 2 |  2.1
Spellcasting   | 2 |  2.1
Dodging        | 2 |  2.0
Fighting       | 1 |  1.0
Polearms       | |  0.9

Action                   || total
-------------------------++-------
Melee: Hand axe          ||    62
       Unarmed           ||    56
       Kick              ||     4
       Punch             ||     2
       Spear             ||    85
 Cast: Beastly Appendage ||     2
       Sticks to Snakes  ||     8
  Use: Potion            ||     4
       Scroll            ||     1
 Stab: Sleeping          ||     2
       Distracted        ||     1
  Eat: Chunk             ||     2
Armor: Robe              ||    25
Dodge: Dodged            ||    75

Table legend:
 A = Spawn XP
 B = Non-spawn XP
 C = Spawn XP percentage of total XP
 D = Spawn monster count
 E = Non-spawn monster count
 F = Spawn count percentage of total count
 G = Total turns spent on level
                    A         B        C        D         E        F      G
               +---------+---------+-------+---------+---------+-------+---------
         Total |       0 |      61 |   0.0 |       0 |      18 |   0.0 |  1324
               +---------+---------+-------+---------+---------+-------+---------
           D:1 |       0 |      30 |   0.0 |       0 |      12 |   0.0 |  1071
           D:2 |       0 |      31 |   0.0 |       0 |       6 |   0.0 |   253
               +---------+---------+-------+---------+---------+-------+---------
